 Dungeon Crawl Stone Soup version 0.16.1-16-gc44b35d (webtiles) character file.

314 Thalios the Magician (level 6, -17/36 HPs)
             Began as a High Elf Fire Elementalist on Apr 18, 2015.
             Demolished by an ogre
             ... wielding a +0 giant club
              (24 damage)
             ... on level 4 of the Dungeon.
             The game lasted 00:23:06 (4648 turns).

Thalios the Magician (High Elf Fire Elementalist)   Turns: 4648, Time: 00:23:06

Health: -17/36     AC:  3    Str:  7    XL:     6   Next: 19%
Magic:  16/22      EV: 14    Int: 20    God:
Gold:   165        SH:  0    Dex: 21    Spells: 3 memorised, 13 levels left

rFire  . . .     SeeInvis .     u - +0 hunting sling
rCold  . . .     Clarity  .     a - +0 robe
rNeg   . . .     SustAb   .     (no shield)
rPois  .         Gourm    .     (no helmet)
rElec  .         Spirit   .     (no cloak)
rCorr  .         Warding  .     z - +0 pair of gloves
rMut   .         Stasis   .     (no boots)
MR     .....                    p - amulet of inaccuracy (curse)
Stlth  ++........               w - +1 ring of evasion
                                t - +4 ring of dexterity

@: very slightly contaminated, not resistant to hostile enchantments, unstealthy
A: no striking features
a: no special abilities


You were on level 4 of the Dungeon.
You were not hungry.

You visited 1 branch of the dungeon, and saw 4 of its levels.

You collected 165 gold pieces.

Inventory:

Hand weapons
 u - a +0 hunting sling (weapon)
 v - a +0 short sword of draining
Missiles
 h - 22 arrows
 o - 2 silver tomahawks
 s - 5 stones (quivered)
 y - 21 sling bullets
 D - 5 tomahawks
Armour
 a - a +0 robe (worn)
 f - a +0 buckler
 z - a +0 pair of gloves (worn)
Jewellery
 n - an uncursed amulet of faith
 p - a cursed amulet of inaccuracy (around neck)
 t - a +4 ring of dexterity (left hand)
 w - a +1 ring of evasion (right hand)
Magical devices
 j - a wand of enslavement (2)
Scrolls
 d - 2 scrolls of recharging
 i - 2 scrolls of magic mapping
 l - a scroll of enchant weapon {unknown}
 A - a scroll of teleportation {unknown}
 B - a scroll of immolation {unknown}
Potions
 e - 3 potions of resistance
 k - a potion of agility {unknown}
 m - a potion of curing {unknown}
 x - a potion of restore abilities {unknown}
 E - a potion of magic {unknown}
Books
 b - a book of Flames

   Spells                             Type                      Level
   a - Flame Tongue                   Conjuration/Fire             1
   b - Throw Flame                    Conjuration/Fire             2
   c - Conjure Flame                  Conjuration/Fire             3
   d - Inner Flame                    Hexes/Fire                   3
   e - Sticky Flame                   Conjuration/Fire             4
   f - Fireball                       Conjuration/Fire             5
Comestibles
 c - 2 bread rations
 g - 3 meat rations
 q - 2 beef jerkies
 r - a chunk of flesh


   Skills:
 - Level 2.1 Dodging
 - Level 2.1 Stealth
 * Level 7.3 Spellcasting
 - Level 1.1 Conjurations
 - Level 3.0 Fire Magic


You had 13 spell levels left.
You knew the following spells:

 Your Spells              Type           Power        Failure   Level  Hunger
a - Flame Tongue          Conj/Fire      ###..        4%          1    None
b - Throw Flame           Conj/Fire      ###...       10%         2    None
c - Conjure Flame         Conj/Fire      ###.....     14%         3    #......


Dungeon Overview and Level Annotations

Branches:
Dungeon (4/15)
 Temple: D:4-7

Altars:

Annotations:
D:3 Purgy


Message History

Casting: Throw Flame
Confirm with . or Enter, or press ? or * to list all spells.
Aiming: Conjure Flame
Press: ? - help, Dir - move target cursor, p - ogre You miscast Conjure Flame.
You are very lightly contaminated with residual magic.
You have a brief vision of globes of primordial fire.
The ogre misses you.
There is a stone staircase leading down here.
Casting: Conjure Flame
Confirm with . or Enter, or press ? or * to list all spells.
Aiming: Conjure Flame
Press: ? - help, Dir - move target cursor You miscast Conjure Flame.
Your skin tingles.
The ogre barely misses you. The ogre hits you with a giant club.
* * * LOW HITPOINT WARNING * * *
The ogre hits you with a giant club!!
Ouch! That really hurt!
You die...

### ####
#.#####################..##
#.......OO@......(.........
#.#####################..## #.#
#..## #.######### ##..##
#.........# #...## #..###.##.#
####...##
#######.)###.##.#########.....)..
...............................##
##.####..###>....................


You could see 2 ogres.

Vanquished Creatures
  A hound (D:3)
  3 orc wizards (D:4)
  Jessica (D:2)
  7 adders
  5 worms
  2 oozes
  12 orcs
  A bat skeleton (D:4)
  2 giant cockroaches (D:1)
  7 goblins
  6 hobgoblins
  3 jackals (D:1)
  7 kobolds
  3 ball pythons
  5 bats
  4 giant newts
  5 quokkas
  3 rats
77 creatures vanquished.

Notes
Turn   | Place    | Note
--------------------------------------------------------------
     0 | D:1      | Thalios, the High Elf Fire Elementalist, began the quest for the Orb.
     0 | D:1      | Reached XP level 1. HP: 11/11 MP: 4/4
   372 | D:1      | Reached XP level 2. HP: 9/17 MP: 1/7
  1018 | D:1      | Learned a level 2 spell: Throw Flame
  1187 | D:2      | Reached skill level 4 in Spellcasting
  1243 | D:2      | Reached XP level 3. HP: 21/21 MP: 0/11
  1412 | D:2      | Noticed Jessica
  1598 | D:2      | Killed Jessica
  2128 | D:2      | Reached XP level 4. HP: 27/27 MP: 7/15
  2209 | D:2      | Reached skill level 5 in Spellcasting
  2582 | D:2      | Learned a level 3 spell: Conjure Flame
  3160 | D:3      | Reached skill level 6 in Spellcasting
  3160 | D:3      | Reached XP level 5. HP: 31/31 MP: 9/19
  3309 | D:3      | Noticed Purgy
  4161 | D:4      | Reached skill level 7 in Spellcasting
  4161 | D:4      | Reached XP level 6. HP: 29/36 MP: 5/22
  4574 | D:4      | Noticed an ogre
  4603 | D:4      | Noticed an ogre
  4648 | D:4      | Demolished by an ogre

Action                   |  1- 3 |  4- 6 || total
-------------------------+-------+-------++-------
Melee: Unarmed           |     8 |       ||     8
       Short sword       |     9 |       ||     9
 Fire: Hunting sling     |       |    44 ||    44
Throw: Stone             |    14 |       ||    14
       Tomahawk          |     5 |       ||     5
 Cast: Flame Tongue      |    46 |    33 ||    79
       Throw Flame       |    20 |    71 ||    91
       Conjure Flame     |       |     8 ||     8
  Use: Scroll            |       |     4 ||     4
  Eat: Chunk             |     3 |     9 ||    12
